 Dungeon Sprint DCSS version 0.19.1 (webtiles) character file.

1557 equalderp2856 the Ripper (level 8, 0/40 HPs)
             Began as a Felid Fighter on Dec 18, 2016.
             Was a High Priest of Lugonu.
             Slain by a spiny frog (24 damage)
             ... in the Dungeon (Sprint IX: "|||||||||||||||||||||||||||||").
             The game lasted 00:05:17 (1904 turns).

equalderp2856 the Ripper (Felid Fighter)            Turns: 1904, Time: 00:05:18

Health: 0/40       AC:  2    Str: 13    XL:     8   Next: 58%
Magic:  11/11      EV: 27    Int: 16    God:    Lugonu [*****.]
Gold:   0          SH:  0    Dex: 16    Spells: 0 memorised, 7 levels left
                                        Lives:  0   Deaths: 2

rFire  . . .     SeeInvis +       - Unarmed
rCold  . . .     Gourm    .     (armour unavailable)
rNeg   . . .     Faith    .     (shield unavailable)
rPois  .         Spirit   .     (helmet unavailable)
rElec  .         Reflect  .     (cloak unavailable)
rCorr  .         Harm     .     (gloves unavailable)
MR     +....     NoTele   +     (boots unavailable)
Stlth  ++++......               (no amulet)
                                n - +3 ring of intelligence
                                m - +3 ring of intelligence

@: quick
A: no armour, no weapons or thrown items, stealth, claws 1, fangs 3, see
invisible, carnivore 3, speed 1, shaggy fur 2, slow metabolism 1, sharp paws
a: Bend Space, Banish, Corrupt, Renounce Religion


You were in the Dungeon.
You worshipped Lugonu.
Lugonu was extremely pleased with you.
You were full.

You visited 1 branch

Inventory:

Jewellery
 m - a +3 ring of intelligence (left paw)
 n - a +3 ring of intelligence (right paw)
Wands
 l - a wand of acid (5/15)
Scrolls
 h - 2 scrolls of blinking
 j - 3 scrolls of remove curse
 k - 2 scrolls of amnesia
 o - 3 scrolls of recharging
 p - a scroll of fear
Potions
 a - 3 potions of might
 c - a potion of invisibility
 e - a potion of haste
 f - 3 potions of magic
 g - a potion of berserk rage
 i - 5 potions of curing
Comestibles
 b - 13 meat rations


   Skills:
 + Level 7.6 Fighting
 + Level 11.2 Dodging
 + Level 6.6 Stealth
 + Level 16.0 Unarmed Combat
 + Level 3.4 Invocations
 + Level 1.4 Evocations


You had 7 spell levels left.
You didn't know any spells.

Dungeon Overview and Level Annotations

Branches:
Dungeon (1/1)

Altars:
Cheibriados
Dithmenos
Elyvilon
Fedhas
Gozag
Hepliaklqana
Kikubaaqudgha
Makhleb
Nemelex Xobeh
Okawaru
Qazlal
Ru
Sif Muna
Trog
Uskayaw
Vehumet
Xom
Yredelemnul
Zin
The Shining One
Beogh
Jiyva
Lugonu


Innate Abilities, Weirdness & Mutations

You cannot wear armour.
You are incapable of wielding weapons or throwing items.
Your paws allow you to move quietly. (Stealth)
You have sharp claws.
You have razor-sharp teeth.
You have supernaturally acute eyesight. (SInv)
You are carnivorous and can eat meat at any time.
You cover ground quickly.
You are covered in thick fur. (AC +2)
You have a slow metabolism.
Your sharp claws are effective at attacking unaware monsters.


Message History

The spiny frog completely misses you.
You barely miss the spiny frog.
The spiny frog is moderately wounded.
The spiny frog misses you.
You scratch the spiny frog but do no damage.
The spiny frog is moderately wounded.
The spiny frog completely misses you.
You barely miss the spiny frog.
The spiny frog is moderately wounded.
You scratch the spiny frog.
The spiny frog is moderately wounded.
The spiny frog closely misses you.
You scratch the spiny frog but do no damage.
The spiny frog is moderately wounded.
The spiny frog closely misses you.
You scratch the spiny frog but do no damage.
The spiny frog is moderately wounded.
The spiny frog stings you!!
Ouch! That really hurt!
You die...

▓.▓.▓S▓†▓)▓
▓.▓.▓t▓.▓.▓
▓.▓.▓.▓.▓)▓
▓.▓(▓t▓.▓.▓
▓.▓.▓.▓.▓.▓
▓.▓.▓.▓.▓.▓
▓.▓.▓.▓.▓'▓
▓F▓.▓.▓.▓.▓
▓@▓(▓.▓.▓.▓
▓+▓.▓)▓.▓.▓
▓)▓)▓.▓.▓
▓.▓[▓.▓.▓
▓.▓t▓.▓'▓
▓.▓.▓.▓_▓
▓.▓.▓.▓_▓
▓.▓.▓.▓_▓
▓.▓?▓.▓_▓


You could see a spiny frog.

Vanquished Creatures
  Joseph (D)
  A spiny frog (D)
  A komodo dragon (D)
  A tyrant leech (D)
  A blink frog (D)
  A yak (D)
  A basilisk (D)
  A vampire mosquito (D)
  A water moccasin (D)
  A centaur (D)
  2 bullfrogs (D)
  A howler monkey (D)
  A wight (D)
  A hound (D)
  2 worker ants (D)
  A river rat (shapeshifter) (D)
  A shadow imp (D)
  An orc (D)
  A giant cockroach (D)
  A hobgoblin (D)
  2 bats (D)
  A goblin (D)
  A leopard gecko zombie (D)
26 creatures vanquished.

Notes
Turn   | Place    | Note
-------+----------+-------------------------------------------
     0 | D        | equalderp2856 the Felid Fighter began the quest for the Orb.
     0 | D        | Reached XP level 1. HP: 10/10 MP: 2/2
   106 | D        | Noticed a hound
   106 | D        | Noticed a worker ant
   106 | D        | Noticed a worker ant
   106 | D        | Noticed a howler monkey
   122 | D        | Killed a hound
   122 | D        | Reached skill level 5 in Dodging
   122 | D        | Reached skill level 6 in Unarmed Combat
   122 | D        | Reached XP level 2. HP: 8/15 MP: 3/3
   122 | D        | Reached XP level 3. HP: 9/18 MP: 4/4
   136 | D        | Reached skill level 7 in Unarmed Combat
   142 | D        | Reached XP level 4. HP: 10/22 MP: 5/5
   147 | D        | Reached skill level 5 in Fighting
   147 | D        | Reached skill level 8 in Unarmed Combat
   318 | D        | Found a roughly hewn altar of Beogh.
   318 | D        | Found a snail-covered altar of Cheibriados.
   318 | D        | Found a shadowy altar of Dithmenos.
   318 | D        | Found a white marble altar of Elyvilon.
   318 | D        | Found a blossoming altar of Fedhas.
   318 | D        | Found an opulent altar of Gozag.
   319 | D        | Found a hazy altar of Hepliaklqana.
   320 | D        | Found a viscous altar of Jiyva.
   321 | D        | Found an ancient bone altar of Kikubaaqudgha.
   322 | D        | Found a corrupted altar of Lugonu.
   323 | D        | Found a burning altar of Makhleb.
   324 | D        | Found a sparkling altar of Nemelex Xobeh.
   325 | D        | Found an iron altar of Okawaru.
   326 | D        | Found a stormy altar of Qazlal.
   327 | D        | Found a sacrificial altar of Ru.
   328 | D        | Found a deep blue altar of Sif Muna.
   329 | D        | Found a bloodstained altar of Trog.
   330 | D        | Found a hide-covered altar of Uskayaw.
   331 | D        | Found a radiant altar of Vehumet.
   332 | D        | Found a shimmering altar of Xom.
   333 | D        | Found a basalt altar of Yredelemnul.
   334 | D        | Found a glowing silver altar of Zin.
   335 | D        | Found a glowing golden altar of the Shining One.
   366 | D        | Became a worshipper of Lugonu the Unformed
   366 | D        | Reached * piety under Lugonu
   399 | D        | Noticed a centaur
   399 | D        | Noticed a hill giant
   399 | D        | Noticed a hill giant
   409 | D        | Reached skill level 9 in Unarmed Combat
   409 | D        | Reached XP level 5. HP: 4/26 MP: 6/6
   409 | D        | Killed a centaur
   409 | D        | Reached ** piety under Lugonu
   409 | D        | Reached skill level 10 in Unarmed Combat
   525 | D        | Noticed a hill giant
   525 | D        | Noticed a vampire mosquito
   525 | D        | Noticed an ogre
   525 | D        | Noticed a komodo dragon
   525 | D        | HP: 1/27 [hill giant/giant club (17)]
   528 | D        | Demolished by a hill giant
   529 | D        | Reached XP level 4. HP: -18/24 MP: 5/5
   643 | D        | Noticed a yak
   643 | D        | Noticed a basilisk
   643 | D        | Noticed a water moccasin
   643 | D        | Noticed a bullfrog
   643 | D        | Noticed a komodo dragon
   643 | D        | Noticed a water moccasin
   647 | D        | Noticed a crocodile
   652 | D        | Killed a yak
   652 | D        | Reached skill level 1 in Stealth
   652 | D        | Reached skill level 11 in Unarmed Combat
   652 | D        | Reached skill level 1 in Invocations
   652 | D        | Reached XP level 5. HP: 14/28 MP: 6/6
   652 | D        | Gained mutation: You are covered in thick fur. (AC +2) [Felid growth]
   652 | D        | Reached XP level 6. HP: 15/31 MP: 7/7
   656 | D        | Killed a basilisk
   656 | D        | Reached *** piety under Lugonu
   656 | D        | Reached skill level 12 in Unarmed Combat
   663 | D        | Killed a water moccasin
   663 | D        | Reached skill level 10 in Dodging
   663 | D        | Reached XP level 7. HP: 10/35 MP: 9/9
   686 | D        | Reached skill level 13 in Unarmed Combat
  1036 | D        | Killed a komodo dragon
  1036 | D        | Reached **** piety under Lugonu
  1036 | D        | Reached skill level 14 in Unarmed Combat
  1047 | D        | Mangled by a hill giant
  1048 | D        | Reached XP level 6. HP: -11/33 MP: 8/8
  1051 | D        | Noticed Joseph
  1065 | D        | Killed Joseph
  1065 | D        | Reached skill level 1 in Evocations
  1065 | D        | Reached XP level 7. HP: 4/36 MP: 9/9
  1399 | D        | Noticed a vampire mosquito
  1399 | D        | Noticed a spiny frog
  1400 | D        | Noticed a tyrant leech
  1402 | D        | Noticed a spiny frog
  1403 | D        | Noticed a blink frog
  1406 | D        | Noticed a spiny frog
  1407 | D        | Killed a spiny frog
  1407 | D        | Reached skill level 5 in Stealth
  1407 | D        | Reached skill level 15 in Unarmed Combat
  1407 | D        | Reached XP level 8. HP: 40/40 MP: 9/11
  1596 | D        | Killed a tyrant leech
  1625 | D        | Killed a blink frog
  1625 | D        | Reached ***** piety under Lugonu
  1625 | D        | Reached skill level 16 in Unarmed Combat
  1904 | D        | Slain by a spiny frog

Skill      XL: |  1  2  3  4  5  6  7  8 |
---------------+-------------------------+-----
Fighting       | 4 6 7 |  7.6
Dodging        | 5 6 9 8 10 11 | 11.2
Unarmed Combat | 6 7 11 10 12 15 16 | 16.0
Stealth        | 1 4 5 6 |  6.6
Invocations    | 1 2 3 |  3.4
Evocations     | 1 |  1.4

Action                   |  1- 3 |  4- 6 |  7- 9 || total
-------------------------+-------+-------+-------++-------
Melee: Unarmed           |    36 |    39 |    61 ||   136
       Bite              |     2 |     4 |     4 ||    10
       Punch             |     1 |     3 |     5 ||     9
Invok: Bend Space        |       |     3 |     1 ||     4
Evoke: Wand              |       |     2 |       ||     2
  Use: Potion            |     2 |     3 |     3 ||     8
 Stab: Distracted        |       |       |     2 ||     2
  Eat: Chunk             |       |       |     4 ||     4
Armor: Skin              |     1 |       |     1 ||     2
Dodge: Dodged            |    32 |    24 |    51 ||   107
